cohdb
Replays
Latest Replays
All Replays
Popular Replays
Top Player Replays
Match Explorer
How It Works
Community
CoH3 Stats
Reddit
Sign in to upload your games and track your stats! →
Sign in with Steam
Match 44414964
Unlisted
Match 44414964
Overview
Messages
Build Orders
End
Construct Section Command Post
Vickers Machine Gun Team
Selects Heavy Armor Battlegroup
Infantry Section
Dingo Light Scout Car
Construct Field Infirmary
Selects Engineer Detachments
Royal Engineer Section
Construct Platoon Command Post
Vickers Machine Gun Team
Selects Light Vehicle Withdraw and Refit
Royal Engineer Section
Royal Engineer Section
Royal Engineer Section
Unlock M3 Stuart Light Tanks
M3 Stuart Light Tank
Royal Engineer Section
Royal Engineer Section
Construct Company Command Post
Selects Forward Repair Assembly
Selects Radio Net
Selects Recon Artillery
Unlock Towed 17-pounder Anti-tank Guns
Royal Engineer Section
17-pounder Anti-tank Gun Team
DoubleBarrelShogun
Arturokq
Hruska
Peace Fighter
0
0
Comments
sign in to comment!
No comments posted yet!